 Dungeon Crawl Stone Soup version 0.21-a0-504-g2eda330 (webtiles) character file.

14 4thArraOfDagon the Firebug (level 2, 4/19 HPs)
             Began as a Barachi Fire Elementalist on Nov 25, 2017.
             Quit the game on level 4 of the Dungeon.
             The game lasted 00:02:14 (342 turns).

4thArraOfDagon the Firebug (BaFE)                    Turns: 342, Time: 00:02:14

Health: 4/19       AC:  2    Str:  9    XL:     2   Next: 41%
Magic:  2/5        EV: 12    Int: 15    God:
Gold:   24         SH:  0    Dex: 14    Spells: 4/5 levels left

rFire    + . .     SeeInvis .   (no weapon)
rCold    + . .     Gourm    +   (no shield)
rNeg     . . .     Faith    .   a - +0 robe
rPois    +         Spirit   .   (helmet restricted)
rElec    +         Reflect  .   (no cloak)
rCorr    +         Harm     .   (no gloves)
MR       .....                  (no boots)
Stlth    ++........             d - amulet of the gourmand
HPRegen  0.06/turn              (no ring)
MPRegen  0.09/turn              (no ring)

@: lethally poisoned (4 -> -3), resistant, can't hop, very slightly
contaminated, slow
A: +LOS, swims, antennae 1, agile 1, slowness 1, strong legs 1
a: Hop


You were on level 4 of the Dungeon.
You were not hungry.

You visited 1 branch of the dungeon, and saw 4 of its levels.

You collected 24 gold pieces.

Inventory:

Armour
 a - a +0 robe (worn)
Jewellery
 d - an amulet of the gourmand (around neck)
Potions
 e - a potion of resistance
Books
 b - a book of Flames

   Spells                             Type                      Level
   a - Flame Tongue                   Conjuration/Fire             1
   b - Throw Flame                    Conjuration/Fire             2
   c - Conjure Flame                  Conjuration/Fire             3
   d - Inner Flame                    Hexes/Fire                   3
   e - Sticky Flame                   Conjuration/Fire             4
   f - Fireball                       Conjuration/Fire             5
Comestibles
 c - a bread ration
 f - 2 meat rations


   Skills:
 - Level 2.1 Dodging
 - Level 1.7 Stealth
 + Level 2.4 Spellcasting
 * Level 1.8 Conjurations
 * Level 3.6 Fire Magic


You had 4 spell levels left.
You knew the following spells:

 Your Spells              Type           Power        Failure   Level  Hunger
a - Flame Tongue          Conj/Fire      ##...        7%          1    #......


Dungeon Overview and Level Annotations

Branches:
Dungeon (4/15)
 Temple: D:4-7

Altars:
Vehumet

Shops:
D:4 [

Annotations:
D:4 exclusion: statue


Innate Abilities, Weirdness & Mutations

Shadows flee at your approach. (+LOS)
You can swim through water.
You cover ground slowly.
You can hop short distances.
You have a pair of small antennae on your head.
You are agile. (Dex +2)


Message History

Unknown command.
Unknown command.
The adder barely misses you.
An orc comes into view. It is wielding a flail.
Unknown command.
The adder bites you.
Unknown command.
Unknown command.
A worker ant comes into view.
The worker ant twitches its antennae in your direction.
The adder bites you.
* * * LOW HITPOINT WARNING * * *
You are lethally poisoned!
The adder poisons you!
* * * LOW HITPOINT WARNING * * *
You feel sick. The adder misses you.
Found 12 gold pieces.
Found Fiulat's Armour Shop.
Unknown command.
Unknown command.
Are you sure you want to abandon this character and quit the game? (Confirm with "yes".)

#. .# #.#. .# .∩..##.## .
+# .#....$ .. .. ......
.... #a##.... ... .....#
..# #######.#.##.#.######.
........@.............l
###.....#S##.#..........
#.#####o####....$..... #$
#.........#.....
.#########o.......... ....#
#.....#..... #########...#
#...........
........<.#.######§.§#....#
#######oo..h....##o..§..?.#


You could see a worker ant, an adder and an orc.

Vanquished Creatures
  An orc (D:4)
  2 bats
  A giant cockroach (D:1)
  2 goblins (D:1)
  A hobgoblin (D:2)
  A jackal (D:4)
  2 kobolds (D:1)
  2 rats (D:1)
12 creatures vanquished.

Notes
Turn   | Place    | Note
-------+----------+-------------------------------------------
     0 | D:1      | 4thArraOfDagon the Barachi Fire Elementalist began the quest for the Orb.
     0 | D:1      | Reached XP level 1. HP: 13/13 MP: 3/3
   145 | D:1      | Thaneod: ok
   148 | D:1      | Reached XP level 2. HP: 8/19 MP: 1/5
   170 | D:2      | Thaneod: wszystko czyste poza abyss , pan i hellem
   189 | D:2      | Thaneod: shatter male dmg zadaje potworom;/
   312 | D:4      | Found a radiant altar of Vehumet.
   312 | D:4      | Noticed a charred statue
   319 | D:4      | Gained mutation: You have a pair of small antennae on your head. [potion of mutation]
   319 | D:4      | Gained mutation: You are agile. (Dex +2) [potion of mutation]
   341 | D:4      | Found Fiulat's Armour Shop.
   342 | D:4      | Quit the game

Vault maps used:
D:1:      lightli_arrival_chessboard, minmay_pentomino_q2
D:2:      hex_intersection, minmay_misc_feat_doors, grunt_ministairs_11,
          kennysheep_pointless_box
D:3:      evilmike_ruin_ashenzari, gammafunk_temple_overflow_arena, uniq_robin
D:4:      vehumet_statue, first_bread, serial_shops, nicolae_shop_crystal,
          doesnt_xom_only_xom

Action                   || total
-------------------------++-------
Melee: Unarmed           ||    19
 Cast: Flame Tongue      ||    20
 Abil: Hop               ||     1
  Use: Scroll            ||     3
       Potion            ||     2
Armor: Robe              ||     4
Dodge: Dodged            ||    27

Table legend:
 A = Spawn XP
 B = Non-spawn XP
 C = Spawn XP percentage of total XP
 D = Spawn monster count
 E = Non-spawn monster count
 F = Spawn count percentage of total count
 G = Total turns spent on level
                    A         B        C        D         E        F      G
               +---------+---------+-------+---------+---------+-------+---------
         Total |       0 |      20 |   0.0 |       0 |      12 |   0.0 |   342
               +---------+---------+-------+---------+---------+-------+---------
           D:1 |       0 |      11 |   0.0 |       0 |       8 |   0.0 |   166
           D:2 |       0 |       2 |   0.0 |       0 |       1 |   0.0 |   104
           D:3 |       0 |       2 |   0.0 |       0 |       1 |   0.0 |    41
           D:4 |       0 |       5 |   0.0 |       0 |       2 |   0.0 |    31
               +---------+---------+-------+---------+---------+-------+---------
